[ AOE2 MATCH · #469823596 ]
UnrankedIncas vs Britons
Player's team · WIN
Rival team · LOSS
[ REPLAY ANALYSIS · EXTRACTED FROM THE RECORDED GAME ]
Feudal
15:33
Castle
20:19
Imperial
35:19
| APM avg | 17.6 |
| APM peak | 42 |
| eAPM avg | 10.7 |
| Villagers / military | 99 / 31 |
Focus
⚔️ 28.5% · 🌾 71.5%
Unknown (2550) ×102 · Fire Galley ×22 · Fishing Ship ×15 · Battering Ram ×7 · Trebuchet (Packed) ×2
Feudal
13:39
Castle
19:01
Imperial
41:03
| APM avg | 18.3 |
| APM peak | 44 |
| eAPM avg | 13.0 |
| Villagers / military | 82 / 65 |
Focus
⚔️ 27.3% · 🌾 72.7%
Longbowman ×48 · Galley ×14 · Fishing Ship ×13 · Trebuchet (Packed) ×3
Match map
Initial resources + every placement click. Lines = walls · curves = elevation contours. ◆ gold · ⬟ stone · ● berries · ✦ relic · ◌ wall gap
Your base· Open — unwalled flank
Superhoops's base· Open — unwalled flank
Smoothed initial terrain · ◌ = detected wall gap · hover for details
Inputs per minute
— Zerschmetterling - - Superhoops
Build order — Zerschmetterling
First 150 of 233 actions detected
| 0:29 | Build | Town Center |
| 0:43 | Build | Town Center |
| 1:34 | Build | Settlement |
| 2:33 | Create | Villager (Male) ×4 |
| 2:34 | Create | Villager (Male) ×4 |
| 4:00 | Create | Villager (Male) |
| 4:01 | Create | Villager (Male) |
| 4:55 | Create | Villager (Male) |
| 4:56 | Create | Villager (Male) |
| 4:56 | Create | Villager (Male) |
| 5:18 | Create | Villager (Male) |
| 5:41 | Create | Villager (Male) |
| 5:42 | Create | Villager (Male) |
| 6:04 | Create | Villager (Male) |
| 6:04 | Create | Villager (Male) |
| 6:32 | Create | Villager (Male) |
| 6:32 | Create | Villager (Male) |
| 7:12 | Build | Dock |
| 7:23 | Create | Villager (Male) ×2 |
| 7:23 | Create | Villager (Male) ×2 |
| 7:23 | Create | Villager (Male) ×2 |
| 7:34 | Create | Villager (Male) |
| 7:35 | Create | Villager (Male) |
| 7:53 | Build | House |
| 7:56 | Create | Fishing Ship |
| 7:56 | Create | Fishing Ship |
| 8:00 | Research | Loom |
| 8:00 | Create | Villager (Male) ×3 |
| 8:44 | Create | Villager (Male) |
| 9:16 | Create | Fishing Ship |
| 9:16 | Create | Fishing Ship |
| 9:29 | Create | Villager (Male) ×4 |
| 9:29 | Create | Villager (Male) ×4 |
| 10:20 | Build | Settlement |
| 11:01 | Create | Fishing Ship ×2 |
| 11:32 | Create | Villager (Male) |
| 11:32 | Create | Villager (Male) |
| 12:30 | Build | Settlement |
| 13:23 | Research | Feudal Age |
| 13:35 | Build | Barracks |
| 13:43 | Create | Fishing Ship |
| 14:04 | Create | Villager (Male) |
| 14:05 | Create | Villager (Male) |
| 14:50 | Build | Outpost |
| 15:10 | Build | Dock |
| 15:33 | Age | Feudal Age |
| 15:41 | Research | Double-Bit Axe |
| 15:55 | Build | Market |
| 16:15 | Create | Unit 2550 |
| 16:17 | Create | Unit 2550 |
| 16:24 | Create | Villager (Male) |
| 16:24 | Create | Villager (Male) |
| 16:25 | Create | Villager (Male) |
| 16:40 | Build | Blacksmith |
| 17:33 | Research | Castle Age |
| 17:36 | Research | Wheelbarrow |
| 17:57 | Create | Fire Galley |
| 18:20 | Create | Fire Galley |
| 18:20 | Create | Fire Galley |
| 18:38 | Create | Fire Galley |
| 18:38 | Create | Fire Galley |
| 18:46 | Create | Fire Galley |
| 19:13 | Research | Horse Collar |
| 19:13 | Research | Gold Mining |
| 19:19 | Research | Tech 1402 |
| 19:23 | Research | Scale Mail Armor |
| 19:53 | Create | Fishing Ship |
| 19:53 | Create | Fishing Ship |
| 20:01 | Research | Tech 906 |
| 20:06 | Create | Villager (Male) |
| 20:06 | Create | Villager (Male) |
| 20:19 | Age | Castle Age |
| 20:20 | Build | Barracks |
| 20:21 | Build | Barracks |
| 20:22 | Build | Barracks |
| 20:46 | Build | Settlement |
| 20:54 | Create | Villager (Male) |
| 20:55 | Create | Villager (Male) |
| 21:06 | Research | Squires |
| 21:33 | Research | War Galley (upgrade) |
| 21:59 | Research | Tech 1351 |
| 22:04 | Create | Villager (Male) |
| 22:12 | Build | Farm |
| 22:12 | Build | Farm |
| 22:12 | Build | Farm |
| 22:12 | Build | Farm |
| 22:13 | Build | Farm |
| 22:14 | Build | Farm |
| 22:24 | Create | Villager (Male) |
| 22:24 | Create | Villager (Male) |
| 23:09 | Build | Siege Workshop |
| 23:26 | Create | Fishing Ship |
| 23:27 | Create | Fishing Ship |
| 23:47 | Create | Fire Galley |
| 23:47 | Create | Fire Galley |
| 23:47 | Create | Fire Galley |
| 24:02 | Create | Fire Galley |
| 24:02 | Create | Fire Galley |
| 24:50 | Research | Bow Saw |
| 25:02 | Research | Chain Mail Armor |
| 25:03 | Research | Forging |
| 25:09 | Research | Arson |
| 25:11 | Create | Unit 2550 ×4 |
| 25:11 | Create | Unit 2550 ×4 |
| 25:11 | Create | Unit 2550 ×4 |
| 25:15 | Create | Unit 2550 |
| 25:15 | Create | Unit 2550 |
| 25:15 | Create | Unit 2550 |
| 25:25 | Create | Fire Galley |
| 25:25 | Create | Fire Galley |
| 25:29 | Create | Fire Galley |
| 25:29 | Create | Fire Galley |
| 25:36 | Build | House |
| 25:37 | Build | House |
| 25:52 | Create | Unit 2550 ×3 |
| 25:52 | Create | Unit 2550 ×3 |
| 25:53 | Create | Unit 2550 ×3 |
| 25:53 | Create | Unit 2550 |
| 26:47 | Create | Unit 2550 ×5 |
| 26:47 | Create | Unit 2550 ×5 |
| 26:47 | Create | Unit 2550 |
| 27:43 | Build | Town Center |
| 27:58 | Create | Fire Galley |
| 27:58 | Create | Fire Galley |
| 27:58 | Create | Fire Galley |
| 28:07 | Create | Fire Galley |
| 28:08 | Create | Fire Galley |
| 28:12 | Create | Fire Galley |
| 28:12 | Create | Fire Galley |
| 28:24 | Create | Villager (Male) ×5 |
| 29:37 | Create | Villager (Male) ×5 |
| 29:43 | Create | Villager (Male) |
| 29:43 | Create | Villager (Male) |
| 29:56 | Build | Town Center |
| 30:06 | Build | Castle |
| 30:50 | Build | Farm |
| 30:50 | Build | Farm |
| 30:50 | Build | Farm |
| 30:50 | Build | Farm |
| 31:06 | Build | Dock |
| 31:14 | Create | Fishing Ship |
| 31:14 | Create | Fishing Ship |
| 32:09 | Research | Imperial Age |
| 32:10 | Research | Imperial Age |
| 32:26 | Build | Settlement |
| 32:30 | Create | Fishing Ship |
| 32:31 | Create | Fishing Ship |
| 33:05 | Build | Farm |
| 33:05 | Build | Farm |
| 33:06 | Build | Farm |
Build order — Superhoops
First 150 of 234 actions detected
| 0:21 | Build | Town Center |
| 1:57 | Build | House |
| 1:58 | Build | House |
| 2:22 | Create | Villager (Male) |
| 2:22 | Create | Villager (Male) |
| 2:23 | Create | Villager (Male) |
| 2:23 | Create | Villager (Male) |
| 2:42 | Build | Dock |
| 4:08 | Create | Villager (Male) |
| 4:10 | Research | Loom |
| 4:51 | Create | Villager (Male) |
| 4:51 | Create | Villager (Male) |
| 4:53 | Create | Fishing Ship |
| 5:03 | Build | House |
| 5:04 | Build | House |
| 5:47 | Create | Villager (Male) |
| 5:48 | Create | Villager (Male) |
| 5:50 | Create | Fishing Ship |
| 6:17 | Create | Villager (Male) |
| 6:17 | Create | Villager (Male) |
| 6:31 | Create | Fishing Ship |
| 6:53 | Create | Villager (Male) |
| 6:53 | Create | Villager (Male) |
| 7:07 | Create | Fishing Ship |
| 7:07 | Create | Fishing Ship |
| 7:14 | Create | Villager (Male) |
| 7:15 | Create | Villager (Male) |
| 7:30 | Create | Villager (Male) |
| 7:30 | Create | Villager (Male) |
| 7:46 | Create | Villager (Male) |
| 7:59 | Build | Mill |
| 8:11 | Create | Villager (Male) |
| 8:12 | Create | Villager (Male) |
| 8:12 | Create | Villager (Male) |
| 8:12 | Create | Villager (Male) |
| 8:12 | Create | Villager (Male) |
| 8:45 | Create | Fishing Ship |
| 9:30 | Create | Villager (Male) |
| 9:30 | Create | Villager (Male) |
| 9:31 | Create | Villager (Male) |
| 9:31 | Create | Villager (Male) |
| 9:36 | Create | Fishing Ship |
| 9:36 | Create | Fishing Ship |
| 10:24 | Build | House |
| 10:26 | Build | House |
| 10:27 | Build | House |
| 11:24 | Research | Feudal Age |
| 11:36 | Create | Fishing Ship |
| 11:37 | Create | Fishing Ship |
| 12:15 | Build | Dock |
| 12:36 | Create | Fishing Ship |
| 12:56 | Create | Fishing Ship |
| 13:07 | Create | Fishing Ship |
| 13:39 | Age | Feudal Age |
| 13:48 | Create | Villager (Male) |
| 13:48 | Create | Villager (Male) |
| 13:49 | Create | Villager (Male) |
| 13:49 | Create | Villager (Male) |
| 13:56 | Create | Galley |
| 14:32 | Build | Market |
| 15:21 | Build | Blacksmith |
| 15:42 | Create | Galley |
| 15:56 | Create | Villager (Male) |
| 15:57 | Create | Villager (Male) |
| 15:57 | Create | Villager (Male) |
| 16:21 | Research | Castle Age |
| 16:55 | Create | Galley |
| 17:00 | Create | Galley |
| 17:12 | Build | House |
| 17:13 | Build | House |
| 17:14 | Build | House |
| 17:15 | Build | House |
| 19:01 | Age | Castle Age |
| 19:17 | Build | Town Center |
| 19:27 | Build | Town Center |
| 19:52 | Create | Galley |
| 20:02 | Create | Galley |
| 20:03 | Create | Galley |
| 20:07 | Research | War Galley (upgrade) |
| 20:13 | Create | Villager (Male) |
| 20:14 | Create | Villager (Male) |
| 20:14 | Create | Villager (Male) |
| 20:14 | Create | Villager (Male) |
| 20:14 | Create | Villager (Male) |
| 20:15 | Create | Villager (Male) |
| 20:21 | Create | Villager (Male) |
| 20:22 | Create | Villager (Male) |
| 20:22 | Create | Villager (Male) |
| 20:22 | Create | Villager (Male) |
| 20:22 | Create | Villager (Male) |
| 20:23 | Create | Villager (Male) |
| 20:51 | Research | Fletching |
| 20:56 | Create | Villager (Male) |
| 20:56 | Create | Villager (Male) |
| 20:57 | Create | Villager (Male) |
| 21:12 | Create | Galley |
| 21:17 | Create | Galley |
| 21:17 | Create | Galley |
| 22:20 | Research | Wheelbarrow |
| 22:32 | Create | Galley |
| 22:33 | Create | Galley |
| 22:38 | Create | Galley |
| 22:38 | Create | Galley |
| 23:19 | Create | Villager (Male) |
| 23:19 | Create | Villager (Male) |
| 23:20 | Create | Villager (Male) |
| 23:20 | Create | Villager (Male) |
| 24:01 | Create | Villager (Male) |
| 24:01 | Create | Villager (Male) |
| 24:02 | Create | Villager (Male) |
| 24:50 | Research | Town Watch |
| 25:01 | Build | House |
| 25:01 | Build | House |
| 25:01 | Build | House |
| 25:01 | Build | House |
| 25:02 | Build | House |
| 25:03 | Build | House |
| 25:03 | Build | House |
| 25:03 | Build | House |
| 25:05 | Build | House |
| 25:06 | Build | House |
| 25:42 | Build | Castle |
| 27:36 | Create | Longbowman |
| 27:36 | Create | Longbowman |
| 27:37 | Create | Longbowman |
| 27:37 | Create | Longbowman |
| 27:37 | Create | Longbowman |
| 27:37 | Create | Longbowman |
| 27:38 | Create | Longbowman |
| 27:38 | Create | Longbowman |
| 27:38 | Create | Longbowman |
| 27:38 | Create | Longbowman |
| 27:39 | Create | Longbowman |
| 27:39 | Create | Longbowman |
| 27:39 | Create | Longbowman |
| 27:40 | Create | Longbowman |
| 27:40 | Create | Longbowman |
| 27:46 | Research | Padded Archer Armor |
| 27:47 | Research | Bodkin Arrow |
| 27:58 | Build | University |
| 28:50 | Research | Leather Archer Armor |
| 29:11 | Build | Lumber Camp |
| 30:07 | Research | Ballistics |
| 30:18 | Create | Longbowman |
| 30:18 | Create | Longbowman |
| 30:19 | Create | Longbowman |
| 30:19 | Create | Longbowman |
| 30:19 | Create | Longbowman |
| 30:58 | Create | Villager (Male) |
| 30:58 | Create | Villager (Male) |
Match timeline
| 2:42 | Superhoops · first_building Dock |
| 7:12 | Zerschmetterling · first_building Dock |
| 13:35 | Zerschmetterling · first_building Barracks |
| 13:39 | Superhoops · age_up feudal |
| 15:32 | Superhoops · first_market_sell 100 food |
| 15:33 | Zerschmetterling · age_up feudal |
| 19:01 | Superhoops · age_up castle |
| 20:19 | Zerschmetterling · age_up castle |
| 23:09 | Zerschmetterling · first_building Siege Workshop |
| 25:42 | Superhoops · first_building Castle |
| 30:06 | Zerschmetterling · first_building Castle |
| 35:19 | Zerschmetterling · age_up imperial |
| 35:58 | Zerschmetterling · first_market_buy 100 food |
| 37:48 | Superhoops · first_market_buy 100 food |
| 41:03 | Superhoops · age_up imperial |
| 44:02 | Superhoops · resign |
[ AI ANALYSIS · 1 CREDIT ]
What really happened in this match?
Wolo.gg analyzes every decision: build order, eco, micro, common mistakes by bracket. Personalized analysis on WhatsApp or Discord in 30 seconds.
Civ guide
Incas
Perfil
Jugador #1721140